 Dungeon Crawl Stone Soup version 0.19.5 (webtiles) character file.

1627 BugsBunnySan the Gouger (level 8, -5/54 HPs)
             Began as a Felid Berserker on Mar 6, 2017.
             Was a High Priest of Trog.
             Slain by a seven-headed hydra (11 damage)
             ... on level 11 of the Dungeon.
             The game lasted 00:23:46 (10623 turns).

BugsBunnySan the Gouger (Felid Berserker)          Turns: 10623, Time: 00:23:47

Health: -5/54      AC:  2    Str: 21    XL:     8   Next: 65%
Magic:  18/18      EV: 24    Int:  7    God:    Trog [*****.]
Gold:   429        SH:  0    Dex: 17    Spells: 0 memorised, 7 levels left
                                        Lives:  0   Deaths: 3

rFire  . . .     SeeInvis +       - Unarmed
rCold  . . .     Gourm    .     (armour unavailable)
rNeg   . . .     Faith    +     (shield unavailable)
rPois  .         Spirit   .     (helmet unavailable)
rElec  .         Reflect  .     (cloak unavailable)
rCorr  .         Harm     .     (gloves unavailable)
MR     +....                    (boots unavailable)
Stlth  ..........               c - amulet of Noifryor {Faith MP+9}
                                (no ring)
                                m - +3 ring of strength

@: berserking, very quick
A: no armour, no weapons or thrown items, stealth, claws 1, fangs 3, see
invisible, carnivore 3, clumsy 1, dopey 1, speed 1, frail 1, shaggy fur 2, slow
metabolism 1, sharp paws
a: Berserk, Trog's Hand, Brothers in Arms, Burn Spellbooks, Renounce Religion


You were on level 11 of the Dungeon.
You worshipped Trog.
Trog was extremely pleased with you.
You were not hungry.

You visited 2 branches of the dungeon, and saw 13 of its levels.
You also visited: Ossuary.

You collected 429 gold pieces.

Inventory:

Jewellery
 c - the amulet of Noifryor (around neck) {Faith MP+9}
   (You acquired it in the Ecumenical Temple)

   [amulet of faith]

   It allows you to gain divine favour quickly.
   It affects your magic capacity (+9).
 i - an uncursed ring of resist corrosion
 m - a +3 ring of strength (left paw)
 p - an uncursed ring of ice
 s - an uncursed amulet of the gourmand {unknown}
 w - an uncursed ring of protection from fire
 A - a +2 amulet of reflection {unknown}
Wands
 d - a wand of teleportation (6/9)
Scrolls
 g - 2 scrolls of magic mapping
 h - a scroll of amnesia {unknown}
 j - 9 scrolls of teleportation
 l - 8 scrolls of remove curse
 u - a scroll of immolation
 x - 2 scrolls of noise
 y - a scroll of recharging {unknown}
Potions
 e - a potion of flight
 f - a potion of magic
 k - 3 potions of heal wounds
 n - a potion of might
 o - a potion of lignification
 q - 2 potions of haste
 r - 3 potions of curing
 t - a potion of cancellation {unknown}
 E - a potion of brilliance
Books
 v - a book of Cantrips

   Spells                             Type                      Level
   a - Confusing Touch                Hexes                        1
   b - Animate Skeleton               Necromancy                   1
   c - Summon Small Mammal            Summoning                    1
   d - Apportation                    Translocation                1
   Trog disapproves of the use of such an item.
 z - a book of Misfortune

   Spells                             Type                      Level
   a - Confusing Touch                Hexes                        1
   b - Confuse                        Hexes                        3
   c - Gell's Gravitas                Hexes/Translocation          3
   d - Petrify                        Transmutation/Earth          4
   e - Metabolic Englaciation         Hexes/Ice                    5
   f - Yara's Violent Unravelling     Hexes/Transmutation          5
   Trog disapproves of the use of such an item.
 D - a book of Changes

   Spells                             Type                      Level
   a - Beastly Appendage              Transmutation                1
   b - Sticks to Snakes               Transmutation                2
   c - Spider Form                    Transmutation/Poison         3
   d - Ice Form                       Ice/Transmutation            4
   e - Blade Hands                    Transmutation                5
   Trog disapproves of the use of such an item.
Comestibles
 a - 6 meat rations
 b - a slice of pizza
 B - a royal jelly
 C - 6 chunks of flesh


   Skills:
 * Level 8.0 Fighting
 + Level 8.6 Dodging
 + Level 10.4 Stealth
 + Level 11.5 Unarmed Combat


You had 7 spell levels left.
You didn't know any spells.

Dungeon Overview and Level Annotations

Branches:
Dungeon (12/15)            Temple (1/1) D:6             Orc (0/2) D:9
   Lair: D:8-11

Altars:
Ashenzari
Cheibriados
Dithmenos
Elyvilon
Fedhas
Gozag
Hepliaklqana
Kikubaaqudgha
Makhleb
Nemelex Xobeh
Okawaru
Qazlal
Ru
Sif Muna
Trog
Uskayaw
Vehumet
Xom
Yredelemnul
Zin
The Shining One

Shops:
D:8 (


Innate Abilities, Weirdness & Mutations

You cannot wear armour.
You are incapable of wielding weapons or throwing items.
Your paws allow you to move quietly. (Stealth)
You have sharp claws.
You have razor-sharp teeth.
You have supernaturally acute eyesight. (SInv)
You are carnivorous and can eat meat at any time.
You cover ground quickly.
You are covered in thick fur. (AC +2)
You have a slow metabolism.
Your sharp claws are effective at attacking unaware monsters.
You are clumsy. (Dex -2)
You are dopey. (Int -2)
You are frail. (-10% HP)


Message History

You claw the seven-headed hydra!
The seven-headed hydra is severely wounded.
The seven-headed hydra bites you!
The seven-headed hydra barely misses you.
The seven-headed hydra closely misses you.
The seven-headed hydra misses you.
The seven-headed hydra completely misses you.
The seven-headed hydra bites you! The seven-headed hydra misses you.
You barely miss the seven-headed hydra.
The seven-headed hydra is severely wounded.
Unknown command.
You claw the seven-headed hydra!
The seven-headed hydra is almost dead.
The seven-headed hydra completely misses you.
The seven-headed hydra misses you.
The seven-headed hydra bites you but does no damage.
The seven-headed hydra bites you!
* * * LOW HITPOINT WARNING * * *
The seven-headed hydra bites you!
You die...

#.###.......##.#
#..#
#.......#......#
#..#
######.##....###
#..# #.##.#..#
#..#
#.##.#..#####..#
#.##..†........#
#.##.#..######.#
#.##...........#
#..@D.....######
######..#.#
######..#.#####
..............#
####
#####....../..#
#... #...†.....#
#.## #....D....#
#.#
#..(.....:.##.#
#..........##.#


You could see a seven-headed hydra.

Vanquished Creatures
  Pikel (D:7)
  An unseen horror (D:8)
  Maurice (D:9)
  Joseph (D:8)
  A two-headed ogre (D:10)
  2 hippogriffs
  2 hungry ghosts
  A water moccasin (D:7)
  Duvessa (D:6)
  5 orc warriors
  A sky beast (D:9)
  2 phantoms
  A slave (D:7)
  2 ogres
  A centaur (D:11)
  A big kobold (D:8)
  5 elf zombies (Ossuary)
  7 bullfrogs
  A scorpion (D:9)
  Dowan (D:6)
  4 killer bees (D:11)
  An electric eel (D:9)
  3 howler monkeys
  3 crimson imps
  4 centaur zombies
  5 human zombies (Ossuary)
  6 hounds
  2 jellies (D:9)
  5 orc priests
  A bullfrog skeleton (D:9)
  A centaur skeleton (D:5)
  13 orc wizards
  2 iguanas
  6 worker ants
  A killer bee zombie (D:7)
  3 mummies (Ossuary)
  6 gnolls
  A howler monkey skeleton (D:11)
  10 adders
  5 shadow imps
  An ooze (D:1)
  An adder zombie (D:7)
  2 adder skeletons (D:4)
  A worm (D:4)
  A dart slug (D:2)
  9 leopard geckos
  24 orcs
  3 ball pythons
  7 giant cockroaches
  7 goblins
  5 hobgoblins
  9 jackals
  7 kobolds
  2 quokkas
  5 bats
  4 frilled lizards
  A leopard gecko zombie (D:8)
  A quokka skeleton (D:5)
  3 rats
213 creatures vanquished.

Notes
Turn   | Place    | Note
-------+----------+-------------------------------------------
     0 | D:1      | BugsBunnySan the Felid Berserker began the quest for the Orb.
     0 | D:1      | Reached XP level 1. HP: 10/10 MP: 2/2
   133 | D:1      | Reached XP level 2. HP: 14/14 MP: 3/3
   582 | D:1      | Reached XP level 3. HP: 13/17 MP: 4/4
   593 | D:1      | Reached ** piety under Trog
  1320 | D:2      | Reached skill level 1 in Stealth
  1405 | D:2      | Reached XP level 4. HP: 4/22 MP: 5/5
  1415 | D:2      | HP: 1/22 [poisoned by an adder]
  2195 | D:5      | Entered Level 5 of the Dungeon
  2222 | D:5      | Found a shimmering altar of Xom.
  2272 | D:5      | Noticed a bullfrog
  2280 | D:5      | Killed a bullfrog
  2280 | D:5      | Reached skill level 5 in Dodging
  2280 | D:5      | Reached skill level 4 in Unarmed Combat
  2280 | D:5      | Reached XP level 5. HP: 10/25 MP: 6/6
  2448 | D:5      | Found a sand-covered staircase.
  2454 | Ossuary  | Entered an ossuary
  2856 | Ossuary  | Gained mutation: You are covered in thick fur. (AC +2) [Felid growth]
  2856 | Ossuary  | Reached XP level 6. HP: 29/29 MP: 7/7
  2860 | Ossuary  | Reached skill level 5 in Unarmed Combat
  2981 | Ossuary  | Reached XP level 7. HP: 23/33 MP: 8/8
  2994 | Ossuary  | Slain by a human zombie
  2995 | Ossuary  | Reached XP level 6. HP: -2/30 MP: 7/7
  3041 | Ossuary  | Reached skill level 5 in Fighting
  3041 | Ossuary  | Reached skill level 6 in Unarmed Combat
  3076 | Ossuary  | Reached XP level 7. HP: 11/33 MP: 8/8
  3532 | D:4      | Reached skill level 7 in Unarmed Combat
  3877 | D:3      | Reached *** piety under Trog
  4329 | D:3      | Found a snail-covered altar of Cheibriados.
  4865 | D:4      | Reached skill level 5 in Stealth
  5030 | D:4      | Reached XP level 8. HP: 38/38 MP: 9/9
  5658 | D:6      | Reached skill level 8 in Unarmed Combat
  6334 | D:6      | Reached **** piety under Trog
  6382 | D:6      | Found a staircase to the Ecumenical Temple.
  6461 | D:6      | Noticed Dowan
  6463 | D:6      | Noticed Duvessa
  6472 | D:6      | Killed Dowan
  6477 | D:6      | Killed Duvessa
  6853 | Temple   | Entered the Ecumenical Temple
  7075 | Temple   | Identified a scroll of acquirement
  7076 | Temple   | Got a pitted crystal amulet
  7077 | Temple   | Identified the amulet of Noifryor {Faith MP+9} (You acquired it in the Ecumenical Temple)
  7083 | Temple   | Gained mutation: You are dopey. (Int -2) [potion of mutation]
  7083 | Temple   | Gained mutation: You are frail. (-10% HP) [potion of mutation]
  7083 | Temple   | Gained mutation: You are clumsy. (Dex -2) [potion of mutation]
  7099 | D:7      | Found a shimmering altar of Xom.
  7398 | D:7      | Reached skill level 9 in Unarmed Combat
  7398 | D:7      | Reached XP level 9. HP: 37/37 MP: 10/10
  7400 | D:7      | Noticed Pikel
  7405 | D:7      | Killed Pikel
  7551 | D:7      | Found a sacrificial altar of Ru.
  7664 | D:7      | Found a bloodstained altar of Trog.
  7664 | D:7      | Found a radiant altar of Vehumet.
  7665 | D:7      | Found a sparkling altar of Nemelex Xobeh.
  7701 | D:8      | Noticed Joseph
  7707 | D:8      | Killed Joseph
  7874 | D:8      | Found Ytoetorch's Antique Weapon Boutique.
  7928 | D:8      | Found a faded altar of an unknown god.
  7928 | D:8      | Found a faded altar of an unknown god.
  7934 | D:8      | Found a faded altar of an unknown god.
  7936 | D:8      | Found a faded altar of an unknown god.
  7937 | D:8      | Found a glowing golden altar of the Shining One.
  7984 | D:8      | Reached skill level 10 in Unarmed Combat
  8301 | D:8      | Found a shattered altar of Ashenzari.
  8354 | D:8      | Noticed an unseen horror
  8362 | D:8      | Killed an unseen horror
  8378 | D:8      | Reached XP level 10. HP: 31/42 MP: 11/11
  8730 | D:9      | Noticed Maurice
  8732 | D:9      | Killed Maurice
  8750 | D:9      | Reached ***** piety under Trog
  8769 | D:10     | Entered Level 10 of the Dungeon
  9208 | D:9      | Reached skill level 10 in Stealth
  9880 | D:9      | Reached skill level 11 in Unarmed Combat
 10034 | D:9      | Found a staircase to the Orcish Mines.
 10286 | D:9      | You fall through a shaft for 2 floors!
 10589 | D:11     | Noticed a seven-headed hydra
 10594 | D:11     | HP: 1/43 [seven-headed hydra (16)]
 10595 | D:11     | Mangled by a seven-headed hydra
 10596 | D:11     | Reached XP level 9. HP: -7/58 MP: 19/19
 10616 | D:11     | Slain by a seven-headed hydra
 10617 | D:11     | Reached XP level 8. HP: 0/54 MP: 18/18
 10623 | D:11     | Slain by a seven-headed hydra

Skill      XL: |  1  2  3  4  5  6  7  8  9 10 |
---------------+-------------------------------+-----
Stealth        | 1 2 3 5 7 9 10 | 10.4
Fighting       | 4 5 6 7 8 |  8.0
Dodging        | 5 6 7 8 |  8.6
Unarmed Combat | 4 6 7 9 10 11 | 11.5

Action                   |  1- 3 |  4- 6 |  7- 9 | 10-12 || total
-------------------------+-------+-------+-------+-------++-------
Melee: Unarmed           |    95 |   127 |   283 |   155 ||   660
       Bite              |    10 |    24 |    26 |    22 ||    82
       Punch             |       |     8 |    14 |    12 ||    34
Invok: Berserk           |     1 |     6 |     9 |     6 ||    22
       Trog's Hand       |       |     4 |     3 |     3 ||    10
  Use: Potion            |       |     5 |     6 |     2 ||    13
       Scroll            |       |     2 |    15 |       ||    17
 Stab: Sleeping          |     6 |     2 |    23 |     4 ||    35
       Distracted        |       |       |       |     4 ||     4
  Eat: Chunk             |     8 |     3 |    31 |    13 ||    55
Armor: Skin              |     5 |     3 |    14 |     3 ||    25
Dodge: Dodged            |   116 |    69 |   237 |   156 ||   578
